AoeStats
← Clueless Clown

Socotra

505331391Analyzed
4v4 RM · 23d ago on Sep 8, 2026· 24m 10s· 8 players
Game mode
Random Map
Map size
148×148
Population
200
Speed
Normal
Resources
Standard
Victory
Conquest
Starting age
Dark Age
Ending age
Imperial Age
RankedLock teamsTeams togetherTeam positionsShared explorationLock speedFull tech treeHidden civsTurbo modeCheats
Victory
Defeat
🇬🇹 Japanese · Guatemala
1097
+16
🇨🇦 Mongols · Canada
1095
+16
🇺🇸 Hindustanis · United States
1079
+17
🇺🇸 Koreans · United States
1043
+18
🇻🇳 Teutons · Vietnam
1175
-19
🇨🇴 Magyars · Colombia
1120
-18
🇲🇽 Malay · Mexico
1073
-16
🇲🇽 Bohemians · Mexico
1025
-14
Clueless Clown
6:29 Loom
9:10 Feudal Age
13:22 Wheelbarrow
16:51 Fletching
21:07 Castle Age
21:46 Bodkin Arrow
23:22 Hand Cart
[JB]zhenghui9900
9:50 Feudal Age
10:21 Loom
17:36 Castle Age
16:44 Double-Bit Axe
19:13 Stone Mining
TheKiddO233
5:36 Loom
9:45 Feudal Age
11:29 Fletching
15:43 Padded Archer Armor
17:33 Horse Collar
25:15 Castle Age
CazadorGT
8:21 Loom
10:31 Feudal Age
10:42 Man-at-Arms
17:13 Forging
17:30 Double-Bit Axe
17:49 Fletching
18:10 Arson
21:17 Scale Mail Armor
22:47 Horse Collar
Irianas
3:25 Loom
9:35 Feudal Age
10:25 Double-Bit Axe
15:48 Scale Barding Armor
DodoUltimo
3:37 Loom
10:48 Feudal Age
11:36 Double-Bit Axe
11:32 Horse Collar
14:20 Wheelbarrow
17:13 Padded Archer Armor
17:51 Fletching
24:32 Castle Age
23:36 Crossbowman
alexisxsegura
4:08 Loom
10:25 Feudal Age
11:00 Man-at-Arms
Phu Thuy
8:18 Loom
12:02 Feudal Age
12:32 Double-Bit Axe
13:38 Horse Collar
13:50 Stone Mining
15:33 Fletching
18:52 Wheelbarrow
25:50 Castle Age
Connection lost

Rejoining the realm…

Still unreachable

The connection could not be restored.

Session expired

The server has moved on; the page needs a fresh start.